 Dungeon Crawl Stone Soup version 0.25.1-2-g60ff931df9 (webtiles) character file.

Game seed: 9314844058652869544

12954 chicolitto the Cleaver (level 11, -17/103 (105) HPs)
             Began as a Minotaur Berserker on Oct 22, 2020.
             Was an Elder of Trog.
             Demolished by a dream sheep (26 damage)
             ... on level 3 of the Lair of Beasts on Oct 24, 2020.
             The game lasted 01:02:09 (11458 turns).

chicolitto the Cleaver (Minotaur Berserker)        Turns: 11458, Time: 01:02:10

HP:   -17/103 (105) AC:  9    Str: 26    XL:     11   Next: 69%
MP:   10/10         EV: 16    Int:  6    God:    Trog [****..]
Gold: 474           SH:  0    Dex:  9    Spells: 10/10 levels left

rFire    . . .     SeeInvis .   I - +7 hand axe of Liafaira {drain, Int+2}
rCold    . . .     Gourm    .   (no shield)
rNeg     . . .     Faith    +   c - +0 ring mail (curse)
rPois    .         Spirit   .   (helmet unavailable)
rElec    .         Reflect  .   R - +0 cloak
rCorr    .         Harm     .   (no gloves)
MR       ++...                  f - +0 pair of boots
Stlth    ..........             g - amulet of faith
HPRegen  1.27/turn              (no ring)
MPRegen  0.12/turn              (no ring)

@: lethally poisoned (-17 -> -17), sleeping, berserk cooldown, starving,
regenerating, slowed
A: retaliatory headbutt, horns 3, blink
a: Blink, Berserk, Trog's Hand, Brothers in Arms, Renounce Religion


You were on level 3 of the Lair of Beasts.
You worshipped Trog.
Trog was greatly pleased with you.
You were starving.

You visited 2 branches of the dungeon, and saw 11 of its levels.

You collected 474 gold pieces.

Inventory:

Hand Weapons
 h - a +0 hunting sling
 v - a +2 hand axe of electrocution
 C - a +2 vorpal war axe
 I - the +7 hand axe of Liafaira (weapon) {drain, Int+2}
   (You found it on level 6 of the Dungeon)

   A truly terrible weapon, it drains the life of those it strikes.
   It affects your intelligence (+2).
 L - a +2 flail of protection
Missiles
 e - 211 stones (quivered)
 w - 13 javelins
 x - 81 sling bullets
 E - 89 arrows
 H - 11 boomerangs
 N - 8 poisoned darts
Armour
 b - a +0 animal skin
 c - a cursed +0 ring mail (worn)
 f - a +0 pair of boots (worn)
 k - a +0 leather armour
 F - a +0 chain mail
 P - +0 fire dragon scales
 R - a +0 cloak (worn)
Jewellery
 g - an amulet of faith (around neck)
 y - a +6 ring of intelligence {unknown}
 A - an uncursed ring of wizardry {unknown}
Scrolls
 a - a scroll of summoning {unknown}
 d - 5 scrolls of identify
 i - 2 scrolls of random uselessness {unknown}
 l - 2 scrolls of magic mapping {unknown}
 m - 2 scrolls of fear {unknown}
 o - 8 scrolls of remove curse {unknown}
 p - 4 scrolls of teleportation {unknown}
 q - 2 scrolls of enchant weapon {unknown}
 r - a scroll of noise {unknown}
 z - a scroll of amnesia {unknown}
 K - a scroll of torment {unknown}
 M - 3 scrolls of fog {unknown}
 O - a scroll of enchant armour {unknown}
 Q - a scroll of blinking {unknown}
Potions
 j - a potion of degeneration {unknown}
 s - 2 potions of cancellation
 t - a potion of mutation
 u - 4 potions of curing
 B - 4 potions of heal wounds
 D - 2 potions of berserk rage {unknown}
 G - 2 potions of lignification {unknown}
 J - 2 potions of haste {unknown}
Comestibles
 n - 12 rations


   Skills:
 + Level 12.5 Fighting
 + Level 12.5 Axes
 - Level 0.4 Throwing
 - Level 8.0 Armour
 + Level 11.3 Dodging


You had 10 spell levels left.
You didn't know any spells.
Your spell library was empty.

Dungeon Overview and Level Annotations

Branches:
Dungeon (8/15)             Temple (0/1) D:5            Lair (3/6) D:8
  Swamp: Lair:2-4    Shoals: Lair:2-4     Snake: Lair:2-4    Spider: Lair:2-4

Altars:
Qazlal


Innate Abilities, Weirdness & Mutations

You reflexively headbutt those who attack you in melee.
You have a pair of large horns on your head.
You can translocate small distances at will.


Message History

The dream sheep are wreathed in dream dust.
You feel drowsy...
You fall asleep.
The dream sheep bites you!
You wake up.
* * * LOW HITPOINT WARNING * * *
The dream sheep completely misses you. You furiously retaliate!
You headbutt the dream sheep.
You see here a black mamba corpse.
The dream sheep bites you!
* * * LOW HITPOINT WARNING * * *
The dream sheep bites you!
* * * LOW HITPOINT WARNING * * *
The dream sheep bites something!
There is a stone staircase leading up here.
You feel sick. The dream sheep barely misses you.
The dream sheep shake their wool and sparkle.
You feel drowsy...
You fall asleep.
The dream sheep bites the plant!
The dream sheep barely misses you. The dream sheep misses you.
The dream sheep bites you!!
You die...

#. #.# #. #.### ##
. ##.###...##.#P. #
##...#.....?....
#.##.....#.........
.....###..†........
.....#Y††††.......
#.YY.†.........
##@YY.†........
#.Y#P.........
#...PP........#
##.............
#P.#......#...
)....#.#...#..
####.........
#........ .....


You could see 6 dream sheep.

Vanquished Creatures
  A fire dragon (D:8)
  The ghost of Yneggeu the Spear-Bearer, a journeyman MiGl of Okawaru (Lair:2)
  2 hydras
  3 elephants (Lair:2)
  The ghost of Dicemaster the Grasshopper, a novice GnWr (D:5)
  A black mamba (Lair:3)
  4 spiny frogs
  2 komodo dragons
  4 blink frogs (Lair:2)
  7 yaks (Lair:2)
  Eustachio (D:5)
  5 porcupines
  6 water moccasins
  A sky beast (D:5)
  2 ice beasts
  2 orc warriors
  A necrophage (D:7)
  6 ogres
  2 phantoms
  A centaur (D:7)
  5 crocodiles
  10 bullfrogs
  A water moccasin zombie (D:7)
  A wyvern skeleton (D:6)
  A scorpion (D:2)
  3 killer bees (D:8)
  A howler monkey (D:4)
  4 crimson imps
  2 jellies
  A quasit (D:6)
  2 centaur skeletons
  A bullfrog skeleton (D:7)
  2 hounds
  4 orc priests
  2 iguanas
  5 orc wizards
  5 worker ants
  A worker ant zombie (D:6)
  7 gnolls
  18 adders
  2 shadow imps (D:6)
  An ooze (D:4)
  An adder zombie (D:6)
  A worm (D:3)
  4 leopard geckos
  18 orcs
  3 giant cockroaches
  5 goblins
  2 hobgoblins (D:3)
  13 jackals
  4 quokkas
  5 bats
  10 frilled lizards
  A jackal skeleton (D:6)
  6 kobolds
  A leopard gecko zombie (D:6)
  7 rats
  2 fungi
  3 plants
218 creatures vanquished.

Vanquished Creatures (others)
  2 fungi (Lair:2)
2 creatures vanquished.

Grand Total: 220 creatures vanquished

Notes
Turn   | Place    | Note
-------+----------+-------------------------------------------
     0 | D:1      | chicolitto the Minotaur Berserker began the quest for the
                  | Orb.
     0 | D:1      | Reached XP level 1. HP: 19/19 MP: 0/0
   470 | D:1      | Reached XP level 2. HP: 27/27 MP: 1/1
   998 | D:1      | You fall into a shaft and drop 1 floor!
  1072 | D:1      | Reached ** piety under Trog
  1226 | D:2      | Reached XP level 3. HP: 14/33 MP: 2/2
  1236 | D:2      | Gained mutation: You have a pair of large horns on your
                  | head. [potion of mutation]
  1236 | D:2      | Gained mutation: You can translocate small distances at
                  | will. [potion of mutation]
  1396 | D:2      | You fall into a shaft and drop 1 floor!
  1518 | D:2      | Noticed a scorpion
  1528 | D:2      | Killed a scorpion
  1528 | D:2      | Reached XP level 4. HP: 35/41 MP: 3/3
  2177 | D:3      | Reached XP level 5. HP: 46/47 MP: 4/4
  2574 | D:3      | Reached skill level 5 in Axes
  2758 | D:3      | Reached skill level 5 in Fighting
  3191 | D:4      | Noticed an ogre
  3200 | D:4      | Killed an ogre
  3200 | D:4      | Reached XP level 6. HP: 40/56 MP: 5/5
  3678 | D:4      | Reached XP level 7. HP: 62/62 MP: 6/6
  3805 | D:4      | Reached skill level 5 in Armour
  4513 | D:5      | Entered Level 5 of the Dungeon
  4531 | D:5      | Reached skill level 5 in Dodging
  4550 | D:5      | Found a large runed translucent door.
  4551 | D:5      | Found a large runed translucent door.
  4553 | D:5      | Noticed Eustachio
  4570 | D:5      | Killed Eustachio
  4580 | D:5      | Noticed Dicemaster's ghost (novice GnWr)
  4631 | D:5      | Killed Dicemaster's ghost
  4631 | D:5      | Reached XP level 8. HP: 46/71 MP: 7/7
  5341 | D:5      | Found a staircase to the Ecumenical Temple.
  5448 | D:5      | Reached *** piety under Trog
  6583 | D:6      | Reached XP level 9. HP: 81/81 MP: 8/8
  6804 | D:6      | Found a stormy altar of Qazlal.
  6869 | D:6      | Got a shimmering hand axe
  6870 | D:6      | Identified the +7 hand axe of Liafaira {drain, Int+2} (You
                  | found it on level 6 of the Dungeon)
  8371 | D:8      | Noticed a fire dragon
  8386 | D:8      | Killed a fire dragon
  8386 | D:8      | Reached XP level 10. HP: 90/90 MP: 9/9
  8399 | D:8      | Found a staircase to the Lair.
  8421 | Lair:1   | Entered Level 1 of the Lair of Beasts
  8619 | Lair:1   | Noticed a spiny frog
  8632 | Lair:1   | Killed a spiny frog
  8632 | Lair:1   | Reached skill level 10 in Fighting
  8632 | Lair:1   | Reached skill level 10 in Axes
  9786 | Lair:2   | Noticed a spiny frog
  9793 | Lair:2   | Killed a spiny frog
 10585 | Lair:2   | Reached skill level 10 in Dodging
 10624 | Lair:2   | Reached XP level 11. HP: 77/100 MP: 10/10
 10839 | Lair:2   | Found a runed translucent door.
 10896 | Lair:2   | Noticed Yneggeu's ghost (journeyman MiGl)
 10908 | Lair:2   | Killed Yneggeu's ghost
 11142 | Lair:2   | Noticed a five-headed hydra
 11149 | Lair:2   | Killed an eight-headed hydra
 11424 | Lair:3   | Reached **** piety under Trog
 11428 | Lair:3   | Noticed a five-headed hydra
 11446 | Lair:3   | Killed a ten-headed hydra
 11458 | Lair:3   | Demolished by a dream sheep

Illustrated notes

Levels and vault maps discovered:
D:1:      matt_arrival_grand_opening, layout_basic, minmay_lizard_pond
D:2:      layout_loops_ring, first_ration, kennysheep_generic_room_14
D:3:      minmay_evil_eye, layout_loops_ring
D:4:      layout_basic
D:5:      layout_layer_cave, minmay_temple_entry_glassed_door,
          ebering_ghost_disaster_area, uniq_eustachio
D:6:      layout_loops_corners, lemuel_round_altar, minmay_misc_feat_room
D:7:      layout_loops_ring
D:8:      layout_basic, minmay_lair_entry_lava
Lair:1:   layout_regular_city
Lair:2:   layout_roguey, gammafunk_ghost_grave, grunt_megastairs_1,
          lemuel_fruit_fields, infiniplex_staircase_pool
Lair:3:   dpeg_oklob_gauntlet, layout_loops_ring, basic_altar,
          lemuel_fruit_fields

Skill      XL: |  1  2  3  4  5  6  7  8  9 10 11 |
---------------+----------------------------------+-----
Axes           | 4 5 7 8 9 11 12 | 12.5
Fighting       | 4 5 6 7 9 11 12 | 12.5
Armour         | 3 4 6 7 8 |  8.0
Dodging        | 3 4 5 6 8 10 11 | 11.3
Throwing       | |  0.4

Action                   |  1- 3 |  4- 6 |  7- 9 | 10-12 || total
-------------------------+-------+-------+-------+-------++-------
Melee: Hand axe          |    70 |   110 |   163 |   155 ||   498
       Headbutt          |    11 |    16 |    29 |    47 ||   103
       War axe           |       |       |    54 |       ||    54
Throw: Stone             |     8 |       |       |     3 ||    11
Invok: Trog's Hand       |     1 |     4 |    17 |     5 ||    27
       Berserk           |       |     4 |     5 |     4 ||    13
  Use: Potion            |     4 |       |     2 |       ||     6
       Scroll            |     1 |       |       |     1 ||     2
  Eat: Chunk             |     1 |     6 |    18 |    11 ||    36
       Ration            |     1 |     1 |     2 |     1 ||     5
Armor: Animal skin       |     4 |       |       |       ||     4
       Leather armour    |    10 |       |       |       ||    10
       Ring mail         |     4 |    33 |    67 |    36 ||   140
Dodge: Dodged            |    45 |    70 |   118 |   102 ||   335
